 Dungeon Crawl Stone Soup version 0.28.0-43-g3370ac3207 (webtiles) character file.

Game seed: 11182285934569071899

145 Ablot the Grasshopper (level 5, -4/43 HPs)
             Began as a Gnoll Warper on Mar 15, 2022.
             Slain by Duvessa
             ... wielding a +0 rapier
              (11 damage)
             ... on level 4 of the Dungeon.
             The game lasted 00:03:59 (3058 turns).

Ablot the Grasshopper (Gnoll Warper)                Turns: 3058, Time: 00:04:00

Health: -4/43      AC:  8    Str: 12    XL:     5   Next: 27%
Magic:  21/21      EV: 13    Int: 12    God:
Gold:   76         SH:  0    Dex: 12    Spells: 12/14 levels left

rFire   . . .      SeeInvis .   a - +0 trident
rCold   . . .      Faith    .   (no shield)
rNeg    . . .      Spirit   .   b - +0 leather armour
rPois   .          Reflect  .   k - +2 helmet
rElec   .          Harm     .   (no cloak)
rCorr   +          Rampage  .   i - +0 pair of gloves
Will    .....                   h - +0 pair of boots
Stlth   +.........              (no amulet)
HPRegen 0.14/turn               f - ring of resist corrosion
MPRegen 0.17/turn               m - ring of magical power

@: no status effects
A: fangs 1, strong nose, distributed training
a: no special abilities


You were on level 4 of the Dungeon.
You visited 1 branch of the dungeon, and saw 4 of its levels.

You collected 76 gold pieces.

Inventory:

Hand Weapons
 a - a +0 trident (weapon)
Missiles
 d - 5 boomerangs of dispersal
 g - 76 stones (quivered)
 j - 4 atropa-tipped darts
 o - 26 arrows
 r - 23 bolts
Armour
 b - a +0 leather armour (worn)
 h - a +0 pair of boots (worn)
 i - a +0 pair of gloves (worn)
 k - a +2 helmet (worn)
 p - the +7 chain mail of Gaot {rPois rF+ Int+2}
   (You found it on level 2 of the Dungeon)

   Int:       It affects your intelligence (+2).
   rF:        It protects you from fire.
   rPois:     It protects you from poison.
Jewellery
 f - a ring of resist corrosion (left hand)
 m - a ring of magical power (right hand)
Scrolls
 c - a scroll of blinking
 q - a scroll of teleportation {unknown}
 t - 2 scrolls of magic mapping {unknown}
 u - a scroll of identify {unknown}
Potions
 e - a potion of lignification {unknown}
 l - a potion of magic {unknown}
 n - a potion of berserk rage {unknown}
 s - a potion of haste {unknown}
 v - a potion of curing {unknown}


   Skills:
 + Level 4.7 Fighting
 + Level 1.4 Short Blades
 + Level 1.4 Long Blades
 + Level 1.4 Axes
 + Level 1.4 Maces & Flails
 + Level 4.7 Polearms
 + Level 1.4 Staves
 + Level 1.4 Slings
 + Level 1.4 Bows
 + Level 1.4 Crossbows
 + Level 2.9 Throwing
 + Level 2.9 Armour
 + Level 4.7 Dodging
 + Level 1.4 Stealth
 + Level 1.4 Shields
 + Level 1.4 Unarmed Combat
 + Level 5.2 Spellcasting
 + Level 1.1 Conjurations
 + Level 1.1 Hexes
 + Level 1.1 Summonings
 + Level 1.1 Necromancy
 + Level 5.5 Translocations
 + Level 1.1 Transmutations
 + Level 1.1 Fire Magic
 + Level 1.1 Ice Magic
 + Level 1.1 Air Magic
 + Level 1.1 Earth Magic
 + Level 1.1 Poison Magic
 + Level 1.6 Invocations
 + Level 1.4 Evocations


You had 12 spell levels left.
You knew the following spells:

 Your Spells              Type           Power      Damage    Failure   Level
a - Blink                 Tloc           32%        N/A       3%          2

Your spell library contained the following spells:

 Spells                   Type           Power      Damage    Failure   Level
 Gell's Gravitas          Tloc           16%        N/A       8%          3
 Lesser Beckoning         Tloc           16%        N/A       8%          3
 Teleport Other           Tloc           16%        N/A       8%          3
 Static Discharge         Conj/Air       5%         N/A       24%         2
 Inner Flame              Hex/Fire       5%         N/A       43%         3
 Manifold Assault         Tloc           16%        N/A       56%         5
 Cause Fear               Hex            2%         N/A       83%         4
 Dispel Undead            Necr           5%         3d7       83%         4
 Sticky Flame             Conj/Fire      5%         2d3       83%         4
 Discord                  Hex            2%         N/A       100%        8


Dungeon Overview and Level Annotations

Branches:
Dungeon (4/15)
 Temple: D:4-7

Altars:
Gozag
Uskayaw
Zin

Annotations:
D:4 exclusions: door and 1 more exclusion, Duvessa


Innate Abilities, Weirdness & Mutations

You have very sharp teeth.
Your uncanny sense of smell can sniff out nearby items.
Your experience applies equally to all skills.


Message History

Duvessa is moderately wounded.
Duvessa hits you with a +0 rapier!
You closely miss Duvessa.
Duvessa is moderately wounded.
Duvessa barely misses you.
You puncture Duvessa!
Duvessa is moderately wounded.
Duvessa barely misses you.
You closely miss Duvessa.
Duvessa is moderately wounded.
Duvessa barely misses you.
You barely miss Duvessa.
Duvessa is moderately wounded.
Duvessa says, "Where magic fails, the sword succeeds!"
Duvessa hits you but does no damage.
You closely miss Duvessa.
Duvessa is moderately wounded.
Duvessa hits you with a +0 rapier!
You hit Duvessa.
Duvessa is moderately wounded.
Duvessa hits you with a +0 rapier. Duvessa completely misses you.
You hit Duvessa but do no damage.
Duvessa is moderately wounded.
Duvessa completely misses you.
You hit Duvessa.
Duvessa is heavily wounded.
Duvessa hits you with a +0 rapier!
You hit Duvessa but do no damage.
Duvessa is heavily wounded.
Duvessa hits you with a +0 rapier.
* * * LOW HITPOINT WARNING * * *
You hit Duvessa.
Duvessa is heavily wounded.
Duvessa hits you with a +0 rapier.
* * * LOW HITPOINT WARNING * * *
You closely miss Duvessa.
Duvessa is heavily wounded.
Duvessa says, "Where magic fails, the sword succeeds!"
Duvessa hits you with a +0 rapier!
You die...

.(. #.# .(. #(#
#.# #.# #e#
#####@###
#########
#.......#
#.......#
#.......#
#.#####.#
#.......#####.###
#.#
#...............#
#.# ###
#........#####.#.#
#.# #.. ..
..........# #.#.#
#.# ... .#
###.......#
#.#.###.# #.# .#
#####.###
#.......#


You could see Duvessa.

Vanquished Creatures
  5 adders
  2 dart slugs
  A worm (D:2)
  4 orcs (D:2)
  12 ball pythons
  8 endoplasms
  4 giant cockroaches
  8 goblins
  3 hobgoblins
  8 jackals
  2 kobolds
  8 quokkas
  7 bats
  A frilled lizard (D:3)
  9 rats
82 creatures vanquished.

Vanquished Creatures (others)
  8 plants (D:3)
8 creatures vanquished.

Grand Total: 90 creatures vanquished

Notes
Turn   | Place    | Note
-------+----------+-------------------------------------------
     0 | D:1      | Ablot the Gnoll Warper began the quest for the Orb.
     0 | D:1      | Reached XP level 1. HP: 20/20 MP: 6/6
   190 | D:1      | Reached XP level 2. HP: 21/26 MP: 7/7
   193 | D:1      | Learned a level 2 spell: Blink
   537 | D:1      | Reached XP level 3. HP: 31/31 MP: 9/9
   538 | D:1      | Reached skill level 5 in Spellcasting
   738 | D:1      | Reached skill level 1 in Invocations
   974 | D:1      | Found a faded altar of an unknown god.
  1388 | D:2      | Reached skill level 1 in Short Blades
  1388 | D:2      | Reached skill level 1 in Long Blades
  1388 | D:2      | Reached skill level 1 in Axes
  1388 | D:2      | Reached skill level 1 in Maces & Flails
  1388 | D:2      | Reached skill level 1 in Staves
  1388 | D:2      | Reached skill level 1 in Slings
  1388 | D:2      | Reached skill level 1 in Bows
  1388 | D:2      | Reached skill level 1 in Crossbows
  1388 | D:2      | Reached skill level 1 in Stealth
  1388 | D:2      | Reached skill level 1 in Shields
  1388 | D:2      | Reached skill level 1 in Unarmed Combat
  1388 | D:2      | Reached skill level 1 in Evocations
  1481 | D:2      | Reached XP level 4. HP: 37/38 MP: 11/11
  1708 | D:2      | Identified the +7 chain mail of Gaot {rPois rF+ Int+2}
  1812 | D:2      | Reached skill level 1 in Conjurations
  1812 | D:2      | Reached skill level 1 in Hexes
  1812 | D:2      | Reached skill level 1 in Summonings
  1812 | D:2      | Reached skill level 1 in Necromancy
  1812 | D:2      | Reached skill level 1 in Transmutations
  1812 | D:2      | Reached skill level 1 in Fire Magic
  1812 | D:2      | Reached skill level 1 in Ice Magic
  1812 | D:2      | Reached skill level 1 in Air Magic
  1812 | D:2      | Reached skill level 1 in Earth Magic
  1812 | D:2      | Reached skill level 1 in Poison Magic
  2055 | D:2      | Found an opulent altar of Gozag.
  2174 | D:3      | Noticed a +0 falchion
  2174 | D:3      | Noticed a +0 spear
  2177 | D:3      | Noticed a +0 dagger
  2177 | D:3      | Noticed a +0 falchion
  2196 | D:3      | Noticed a +0 short sword
  2196 | D:3      | Noticed a +0 spear
  2197 | D:3      | Noticed a +0 dagger
  2198 | D:3      | Noticed a +0 short sword
  2239 | D:3      | Found a hide-covered altar of Uskayaw.
  2328 | D:3      | Reached XP level 5. HP: 42/43 MP: 12/12
  2585 | D:3      | Found a glowing silver altar of Zin.
  2878 | D:4      | Noticed a water moccasin
  3038 | D:4      | Noticed Duvessa
  3058 | D:4      | Slain by Duvessa

Illustrated notes

Levels and vault maps discovered:
D:1:      shiori_shiawase, layout_loops_ring, chequers_ecumenical_altar_twisty
D:2:      layout_basic, basic_altar, wad_orctagon
D:3:      wad_woods_stonehenge, layout_rooms, nicolae_uskayaw_en_pointe
D:4:      layout_loops_corners, uniq_duvessa, uniq_blork_the_orc

Skill      XL: |  1  2  3  4 |
---------------+-------------+-----
Spellcasting   | 5 |  5.2
Invocations    | 1 |  1.6
Short Blades   | 1 |  1.4
Long Blades    | 1 |  1.4
Axes           | 1 |  1.4
Maces & Flails | 1 |  1.4
Staves         | 1 |  1.4
Slings         | 1 |  1.4
Bows           | 1 |  1.4
Crossbows      | 1 |  1.4
Stealth        | 1 |  1.4
Shields        | 1 |  1.4
Unarmed Combat | 1 |  1.4
Evocations     | 1 |  1.4
Conjurations   | 1 |  1.1
Hexes          | 1 |  1.1
Summonings     | 1 |  1.1
Necromancy     | 1 |  1.1
Transmutations | 1 |  1.1
Fire Magic     | 1 |  1.1
Ice Magic      | 1 |  1.1
Air Magic      | 1 |  1.1
Earth Magic    | 1 |  1.1
Poison Magic   | 1 |  1.1
Fighting       | |  4.7
Polearms       | |  4.7
Throwing       | |  2.9
Armour         | |  2.9
Dodging        | |  4.7
Translocations | |  5.5

Action                   |  1- 3 |  4- 6 || total
-------------------------+-------+-------++-------
Melee: Spear             |   176 |    59 ||   235
       Bite              |    13 |    13 ||    26
       Punch             |     1 |     3 ||     4
       Trident           |       |   139 ||   139
Throw: Stone             |       |     5 ||     5
 Stab: Sleeping          |     1 |     2 ||     3
Armor: Leather armour    |    49 |    58 ||   107
Dodge: Dodged            |    75 |   116 ||   191
